Map: Pillars of Gold LE

Players

Namshar

  • Race: Zerg Zerg
  • League: Grandmaster
  • Spawn Location: 1:00

Neeb - Winner!

  • Race: Protoss Protoss
  • League: Master
  • Spawn Location: 7:00

Event: DreamHack SC2 Masters 2020 Fall

VOD

Have the link to the VOD?

Description

Time

  • Played on: Sept. 1, 2020, 5:10 p.m.
  • Length: 13:42

All games in this series

Show
View Real Time Build Order
Export as new Build Order

Namshar Zerg 

Build Orders: Pool First 

Get SALT Encoding   

  12  0:00  Drone  
  13  0:13  Overlord  
  13  0:17  Drone  
  14  0:31  Drone x2  
  16  0:43  Spawning Pool  
  16  0:46  Drone  
  16  0:50  Drone  
  17  1:15  Hatchery  
  16  1:20  Drone  
  17  1:30  Zergling x4  
  17  1:32  Zergling x2  
  20  1:42  Overlord  
  20  1:46  Queen  
  22  2:00  Drone  
  23  2:10  Hatchery  
  23  2:14  Extractor  
  23  2:15  Drone  
  22  2:18  Drone  
  23  2:29  Queen  
  24  2:41  Drone x2  
  26  2:56  Zergling x4  
  28  3:03  Hatchery  
  27  3:12  Overlord  
  27  3:20  Metabolic Boost  
  27  3:25  Drone x2  
  27  3:30  Drone  
  27  3:31  Drone  
  29  3:35  Drone  
  29  3:37  Drone  
  31  3:42  Drone  
  31  3:45  Zergling x2  
  31  3:47  Zergling x2  
  34  3:49  Drone  
  34  3:54  Drone  
  37  3:55  Zergling x2  
  37  4:00  Zergling x2  
  38  4:07  Drone x2  
  40  4:14  Drone x2  
  40  4:15  Overlord  
  40  4:16  Spore Crawler  
  41  4:18  Spore Crawler  
  40  4:31  Drone  
  40  4:32  Drone x2  
  40  4:36  Drone x4  
  47  4:43  Queen  
  48  4:49  Drone x3  
  50  4:54  Drone, Spore Crawler  
  50  5:02  Overlord x2  
  50  5:18  Overlord  
  50  5:20  Drone x9  
  59  5:26  Roach Warren  
  58  5:29  Queen  
  58  5:35  Drone  
  60  5:38  Drone x4  
  62  5:43  Drone  
  62  5:44  Drone x3  
  62  5:48  Lair  
  65  5:53  Drone x4  
  69  5:59  Overlord  
  69  6:04  Queen, Extractor  
  68  6:05  Overlord x2  
  68  6:07  Extractor  
  68  6:09  Extractor  
  68  6:19  Roach x3, Overlord x2  
  68  6:25  Drone x4, Extractor x2  
  75  6:26  Evolution Chamber  
  75  6:28  Overlord x2  
  75  6:34  Drone  
  75  6:35  Drone  
  75  6:38  Hatchery  
  75  6:40  Roach  
  75  6:45  Roach  
  75  6:46  Roach  
  83  6:52  Overlord  
  81  7:02  Queen x2  
  81  7:04  Spore Crawler  
  81  7:06  Drone, Spore Crawler  
  81  7:07  Drone x4, Spore Crawler  
  87  7:08  Spire  
  86  7:15  Overlord  
  86  7:16  Overlord  
  86  7:18  Drone x4  
  90  7:36  Drone x7  
  97  7:41  Queen  
  97  7:43  Drone x4  
  95  7:58  Drone x4  
  93  7:59  Queen  
  84  8:13  Overlord x2  
  84  8:19  Hatchery  
  83  8:20  Corruptor  
  83  8:21  Corruptor x5  
  83  8:24  Roach  
  97  8:28  Roach x2  
  97  8:30  Zerg Flyer Weapons Level 1, Zerg Missile Weapons Level 1  
  97  8:33  Roach  
  103  8:41  Roach x2, Hatchery  
  108  8:45  Roach  
  108  8:46  Roach x3  
  108  8:47  Glial Reconstitution  
  114  8:49  Ravager x3  
  117  8:55  Overlord  
  117  8:56  Overlord  
  117  9:04  Corruptor x2  
  121  9:11  Corruptor x2  
  121  9:16  Overlord  
  125  9:20  Corruptor  
  125  9:23  Roach x2, Zergling x12  
  137  9:36  Roach x5  
  147  9:42  Ravager x2, Zergling x2  
  147  9:43  Zergling x12  
  156  9:54  Ravager x2  
  156  9:55  Roach x4  
  166  10:00  Extractor  
  164  10:09  Roach  
  164  10:10  Roach x7  
  173  10:18  Extractor  
  173  10:20  Roach x6  
  169  10:32  Roach x7  
  181  10:37  Ravager  
  181  10:39  Queen  
  181  10:41  Zerg Missile Weapons Level 2  
  180  10:45  Roach x3  
  175  10:57  Roach x7  
  175  11:03  Overlord x2  
  189  11:05  Ravager x2  
  189  11:25  Roach x9  
  188  11:41  Corruptor x3  
  188  11:44  Roach x2  
  191  11:58  Hatchery  
  189  12:01  Roach x2  
  191  12:13  Roach x3  
  192  12:20  Roach  
  192  12:21  Roach x8  
  160  12:25  Roach  
  160  12:26  Roach x5  
  144  12:34  Roach x3  
  100  12:44  Roach x3  
  100  12:48  Roach  
  76  12:54  Roach  
  76  12:56  Roach  
  67  13:01  Roach  
  61  13:07  Roach x2  
  62  13:15  Roach x2  
  64  13:21  Roach x2  
  64  13:23  Roach  
Show
View Real Time Build Order
Export as new Build Order

Neeb Protoss - Winner!

Build Orders: Oracle Opening 

Get SALT Encoding   

  12  0:00  Probe  
  13  0:12  Probe  
  14  0:19  Pylon  
  14  0:24  Probe  
  15  0:37  Probe (Chrono Boost)  
  15  0:41  Gateway  
  16  0:47  Probe (Chrono Boost)  
  17  0:52  Assimilator  
  17  0:55  Probe  
  18  1:07  Probe  
  19  1:19  Probe  
  19  1:22  Pylon  
  20  1:27  Zealot (Chrono Boost)  
  20  1:29  Cybernetics Core  
  20  1:31  Probe  
  23  1:44  Probe  
  23  1:45  Zealot  
  26  1:47  Assimilator  
  26  1:51  Pylon  
  26  1:56  Probe  
  27  2:07  Pylon  
  28  2:08  Probe  
  28  2:11  Shield Battery, Adept (Chrono Boost)  
  30  2:20  Probe  
  31  2:30  Stargate  
  31  2:32  Probe  
  32  2:43  Adept  
  34  2:52  Pylon  
  34  2:57  Probe  
  35  3:23  Nexus, Probe  
  36  3:27  Oracle (Chrono Boost)  
  39  3:35  Probe  
  40  3:41  Warp Gate  
  40  3:47  Probe  
  41  3:51  Void Ray  
  41  3:53  Pylon  
  41  4:01  Probe  
  46  4:13  Probe (Chrono Boost)  
  48  4:25  Probe (Chrono Boost)  
  48  4:30  Assimilator, Probe (Chrono Boost)  
  48  4:35  Assimilator  
  48  4:37  Probe (Chrono Boost)  
  50  4:44  Probe (Chrono Boost)  
  51  4:48  Probe (Chrono Boost)  
  53  4:53  Fleet Beacon, Probe x2 (Chrono Boost)  
  53  4:54  Stargate  
  54  5:03  Probe  
  54  5:04  Probe  
  56  5:08  Pylon  
  56  5:15  Probe  
  56  5:16  Probe  
  56  5:17  Gateway  
  58  5:28  Probe  
  59  5:34  Carrier (Chrono Boost)  
  59  5:41  Carrier (Chrono Boost)  
  71  5:51  Nexus  
  71  5:54  Pylon  
  71  5:59  Probe x2  
  73  6:11  Probe x2  
  75  6:20  Robotics Facility  
  75  6:23  Probe x2  
  75  6:24  Shield Battery  
  77  6:27  Pylon  
  77  6:30  Forge  
  77  6:32  Twilight Council, Sentry x2  
  81  6:35  Probe x2  
  83  6:47  Probe x2  
  83  6:53  Gateway  
  85  6:54  Gateway  
  85  7:00  Probe (Chrono Boost)  
  87  7:02  Protoss Ground Weapons Level 1 (Chrono Boost)  
  87  7:03  Charge, Probe x2 (Chrono Boost)  
  88  7:10  Immortal  
  88  7:11  Probe (Chrono Boost)  
  88  7:13  Probe (Chrono Boost)  
  88  7:15  Probe (Chrono Boost)  
  95  7:17  Templar Archives  
  95  7:20  Assimilator  
  95  7:21  Probe  
  96  7:23  Probe  
  96  7:25  Assimilator  
  96  7:29  Probe  
  98  7:30  Pylon  
  98  7:41  Probe  
  99  7:55  Immortal (Chrono Boost)  
  99  7:58  Probe  
  104  7:59  Zealot x3  
  104  8:00  Zealot, Probe  
  104  8:05  Probe  
  114  8:11  Gateway  
  114  8:14  Gateway  
  114  8:17  Gateway  
  114  8:19  Photon Cannon  
  114  8:20  High Templar, Gateway  
  114  8:25  Pylon  
  116  8:28  Photon Cannon  
  116  8:33  Psionic Storm  
  116  8:34  Observer (Chrono Boost)  
  117  8:39  Pylon  
  117  8:40  Nexus, Pylon  
  117  8:41  Pylon  
  117  8:46  Protoss Air Weapons Level 1  
  117  8:50  High Templar x2  
  117  8:51  High Templar  
  117  8:54  High Templar  
  125  8:59  Probe x2  
  125  9:00  Probe  
  125  9:02  Protoss Ground Weapons Level 2 (Chrono Boost)  
  128  9:08  Immortal  
  132  9:12  Gateway x2  
  132  9:19  Shield Battery  
  132  9:21  Zealot x2, High Templar x2  
  140  9:26  Archon  
  140  9:27  Zealot  
  140  9:28  Zealot x3  
  148  9:35  Photon Cannon  
  148  9:45  Assimilator  
  148  9:47  Assimilator  
  148  9:50  Photon Cannon  
  148  9:51  Pylon, Photon Cannon  
  148  10:05  Zealot, High Templar x4, Pylon  
  148  10:06  Zealot x3  
  164  10:13  Archon  
  164  10:14  Archon  
  162  10:17  Immortal  
  146  10:36  Zealot x4, High Templar x2  
  146  10:41  Shield Battery  
  156  10:43  Shield Battery  
  156  10:45  Shield Battery  
  156  10:47  Archon  
  156  10:48  Photon Cannon  
  156  10:50  Photon Cannon  
  156  10:51  Probe  
  156  10:52  Pylon  
  157  10:59  High Templar  
  157  11:00  High Templar  
  157  11:01  Zealot x4, High Templar x2  
  173  11:10  Archon  
  171  11:26  Pylon  
  171  11:27  Pylon  
  171  11:33  High Templar, Nexus  
  171  11:36  Pylon  
  173  11:44  Carrier  
  173  11:45  Carrier  
  185  11:51  High Templar  
  185  11:52  Zealot x6  
  179  12:05  Zealot x2  
  179  12:06  Zealot  
  179  12:07  Archon  
  183  12:13  Zealot x4  
  183  12:14  Zealot  
  166  12:25  Archon x2  
  166  12:26  Archon  
  144  12:36  Zealot x4  
  134  12:45  Carrier (Chrono Boost)  
  124  13:00  High Templar x3  
  124  13:01  Zealot x2  
  124  13:05  Probe x3  
  129  13:14  High Templar x2  
  129  13:15  Zealot x3  
  127  13:28  Stargate  
  127  13:30  Stargate  
  127  13:32  Photon Cannon  

Tags
 
Add a new tag
Caveats
  • Supply blocks, unpowered buildings, or Contaminate may cause inaccurate times.
  • Supply counts are checked every 10 seconds.